Map: Dusty Gorge

Players

Soul - Winner!

  • Race: Terran Terran
  • Spawn Location: 11:00

PSF - Winner!

  • Race: Protoss Protoss
  • League: Diamond
  • Spawn Location: 9:00

ralrom

  • Race: Zerg Zerg
  • League: Diamond
  • Spawn Location: 5:00

PureLegacy

  • Race: Terran Terran
  • League: Master
  • Spawn Location: 3:00

VOD

Have the link to the VOD?

Description

Time

  • Played on: Dec. 2, 2018, 3:20 p.m.
  • Length: 6:49
Show
View Real Time Build Order
Export as new Build Order

Soul Terran - Winner!

Build Orders: Cyclone Opening 

Get SALT Encoding   

  12  0:01  SCV  
  13  0:13  SCV  
  14  0:18  Supply Depot  
  14  0:25  SCV  
  15  0:30  Refinery  
  15  0:40  SCV  
  16  0:46  Barracks  
  16  0:52  SCV  
  18  1:04  SCV  
  18  1:16  SCV  
  19  1:32  Orbital Command  
  19  1:34  Marine  
  19  1:35  Factory  
  20  1:49  Supply Depot  
  20  1:52  Barracks Tech Lab  
  20  1:58  SCV  
  21  2:04  Refinery  
  21  2:11  SCV  
  21  2:12  Marauder  
  24  2:20  Widow Mine  
  24  2:22  Supply Depot  
  26  2:23  SCV  
  27  2:38  SCV  
  28  2:44  Marine  
  28  2:50  Cyclone  
  32  2:52  SCV  
  32  2:58  Starport  
  33  3:03  Supply Depot  
  33  3:04  Marine  
  34  3:10  SCV  
  35  3:22  SCV  
  35  3:23  Cyclone  
  35  3:26  Supply Depot, Barracks Tech Lab  
  39  3:34  SCV  
  40  3:47  SCV  
  41  3:55  Cyclone  
  42  3:59  SCV  
  42  4:06  Banshee  
  42  4:07  Supply Depot  
  45  4:14  SCV  
  46  4:18  Marine  
  47  4:28  Cyclone  
  50  4:39  SCV  
  50  4:46  Command Center  
  50  4:49  Banshee  
  50  4:51  SCV  
  54  5:03  SCV  
  55  5:07  Cyclone  
  55  5:19  Barracks  
  55  5:20  Barracks  
  55  5:24  Barracks Reactor  
  55  5:25  SCV  
  56  5:31  Banshee  
  59  5:37  SCV  
  59  5:40  Cyclone  
  63  5:53  Supply Depot x2  
  63  5:57  SCV  
  64  6:06  Marine  
  64  6:07  Marine  
  64  6:09  Barracks Tech Lab, SCV  
  64  6:10  Barracks Reactor  
  64  6:13  Orbital Command  
  63  6:24  Marine x2  
  63  6:31  SCV  
Show
View Real Time Build Order
Export as new Build Order

PSF Protoss - Winner!

Build Orders: Oracle Opening 

Get SALT Encoding   

  12  0:01  Probe  
  13  0:13  Probe  
  14  0:19  Pylon  
  14  0:25  Probe  
  15  0:33  Probe  
  15  0:42  Probe  
  16  0:43  Gateway  
  17  0:53  Assimilator  
  17  0:57  Assimilator, Probe  
  18  1:09  Probe  
  19  1:21  Probe  
  20  1:33  Probe  
  20  1:38  Cybernetics Core  
  21  1:44  Pylon  
  21  1:46  Probe  
  22  1:57  Zealot  
  22  1:58  Probe  
  22  2:02  Gateway  
  22  2:07  Warp Gate  
  24  2:11  Probe  
  25  2:17  Adept, Shield Battery  
  25  2:23  Pylon  
  27  2:33  Gateway  
  25  2:44  Adept  
  25  2:50  Adept  
  30  2:57  Stargate  
  29  3:18  Shield Battery  
  29  3:36  Adept x3  
  29  3:39  Pylon  
  29  3:41  Oracle  
  38  4:01  Pylon  
  38  4:15  Nexus  
  38  4:23  Probe  
  31  4:35  Probe  
  25  4:47  Probe  
  24  4:57  Oracle  
  24  4:59  Probe  
  28  5:13  Probe  
  29  5:25  Probe  
  30  5:30  Probe  
  30  5:34  Adept  
  33  5:37  Probe  
  33  5:42  Probe  
  36  5:50  Probe  
  36  5:56  Probe  
  29  6:04  Probe  
  29  6:05  Adept  
  29  6:06  Adept  
  29  6:08  Probe  
  29  6:09  Oracle  
  31  6:13  Probe  
  30  6:20  Probe  
  30  6:22  Probe  
  34  6:30  Stalker  
  34  6:31  Probe  
  37  6:33  Probe  
  39  6:44  Adept  
Show
View Real Time Build Order
Export as new Build Order

ralrom Zerg 

Build Orders: Pool First 

Get SALT Encoding   

  12  0:01  Drone  
  13  0:11  Drone  
  14  0:17  Overlord  
  14  0:25  Drone, Extractor  
  15  0:39  Spawning Pool  
  15  0:42  Extractor  
  13  0:44  Drone  
  13  0:49  Drone  
  15  0:54  Drone  
  16  1:00  Drone  
  17  1:26  Queen, Zergling x4  
  21  1:43  Hatchery  
  20  1:53  Drone x2  
  22  2:05  Overlord  
  22  2:07  Metabolic Boost  
  22  2:18  Overlord  
  20  2:39  Zergling x10  
  25  2:49  Roach Warren  
  25  2:50  Drone  
  25  3:14  Overlord  
  25  3:15  Zergling x2  
  25  3:16  Drone x2  
  25  3:17  Drone x2  
  30  3:21  Queen  
  30  3:23  Drone  
  29  3:56  Zergling x18  
  36  4:04  Lair  
  36  4:12  Drone x2  
  38  4:23  Drone x2  
  40  4:31  Spore Crawler  
  40  4:34  Spore Crawler  
  40  4:36  Hatchery  
  33  4:54  Drone x3  
  33  4:55  Drone x5  
  41  5:03  Glial Reconstitution  
  41  5:07  Evolution Chamber  
  41  5:11  Zergling x4  
  41  5:12  Zergling x2  
  43  5:23  Overlord  
  43  5:41  Queen  
  45  5:48  Baneling Nest  
  40  5:58  Zergling x2  
  40  5:59  Zergling x16  
  40  6:00  Zergling x2  
  46  6:10  Roach x3  
Show
View Real Time Build Order
Export as new Build Order

PureLegacy Terran 

Build Orders:  

Get SALT Encoding   

  12  0:01  SCV  
  13  0:13  SCV  
  14  0:20  Supply Depot  
  14  0:21  Supply Depot  
  14  0:25  SCV  
  15  0:32  Refinery  
  15  0:43  SCV  
  15  0:47  Barracks  
  16  0:55  SCV  
  17  1:06  Barracks  
  17  1:27  Barracks  
  17  1:28  SCV  
  18  1:41  Reaper  
  18  1:46  Orbital Command  
  19  1:59  Refinery, Reaper  
  20  2:10  Supply Depot  
  20  2:15  Reaper x2  
  21  2:21  SCV  
  23  2:37  Reaper  
  23  2:39  Supply Depot  
  23  2:41  SCV  
  25  2:47  Reaper  
  25  2:50  Reaper  
  27  2:56  SCV  
  28  3:09  Reaper, SCV  
  30  3:17  Command Center  
  30  3:21  Reaper, SCV  
  32  3:28  Reaper  
  33  3:35  Supply Depot  
  33  3:45  SCV  
  36  4:01  SCV  
  36  4:03  Barracks Reactor x2, Barracks Tech Lab  
  36  4:07  Factory  
  35  4:13  Bunker  
  35  4:15  SCV  
  36  4:21  Stimpack  
  36  4:22  Marine  
  37  4:31  Engineering Bay  
  34  4:48  Marine x3  
  34  4:49  Marine x2  
  34  5:06  Marine  
  32  5:11  Marine x3  
  32  5:19  Orbital Command  
  32  5:28  Starport  
  32  5:30  Factory Reactor  
  32  5:34  Missile Turret  
  32  5:35  Missile Turret  
  32  5:36  Marine x3  
  33  5:43  Marine  
  33  5:44  Marine  
  33  5:46  SCV  
  28  6:14  Marine x3  
  28  6:16  SCV x2  
  29  6:33  Barracks  
  29  6:35  Barracks x2  
  29  6:37  Barracks  
Tags
 
Add a new tag
Caveats
  • Supply blocks, unpowered buildings, or Contaminate may cause inaccurate times.
  • Supply counts are checked every 10 seconds.